 Dungeon Crawl Stone Soup version 0.31.0-32-g396128a36d (console) character file.

Game seed: 14644228910560507759

35843 utis the Reanimator (level 13, -7/107 HPs)
             Began as a Demigod Necromancer on Mar 25, 2024.
             Mangled by a sun demon (14 damage)
             ... summoned by an orc high priest
             ... on level 1 of the Orcish Mines.
             The game lasted 01:47:34 (30780 turns).

utis the Reanimator (Demigod Necromancer)          Turns: 30780, Time: 01:47:35

Health: -7/107     AC: 20    Str: 13    XL:     13   Next: 19%
Magic:  18/24      EV: 15    Int: 29    God:
Gold:   885        SH:  5    Dex: 14    Spells: 1/22 levels left

rFire   . . .        a - +4 dire flail (venom)
rCold   . . .        (shield currently unavailable)
rNeg    . . .        j - +0 chain mail
rPois   .            t - +1 helmet
rElec   .            M - +0 cloak
rCorr   .            Y - +0 pair of gloves
SInv    .            k - +2 pair of boots
Will    +....        n - amulet of reflection Stlth
                     B - +5 ring of evasion
HPRegen 0.37/turn    W - ring of wizardry
MPRegen 0.19/turn

%: reflection, wizardry (x1)
@: fugue, animating dead (expiring)
A: high MP 1, forlorn, divine attributes
a: no special abilities


You were on level 1 of the Orcish Mines.
You visited 3 branches of the dungeon, and saw 17 of its levels.

You collected 1067 gold pieces.
You spent 182 gold pieces at shops.

Inventory:

Hand Weapons
 a - a +4 dire flail of venom (weapon)
 b - a +1 whip of venom
Missiles
 u - 2 throwing nets
 N - 3 javelins
 P - 2 curare-tipped darts
 X - 15 poisoned darts
Armour
 j - a +0 chain mail (worn)
 k - a +2 pair of boots (worn)
 l - a +0 plate armour
 t - a +1 helmet (worn)
 G - a +0 ring mail
 M - a +0 cloak (worn)
 O - the +0 scale mail "Koetwoid" {rElec rF+ Dex+3}
   (You found it on level 1 of the Lair of Beasts)

   Dex+3:     It affects your dexterity (+3).
   rF+:       It protects you from fire.
   rElec:     It insulates you from electricity.
 Y - a +0 pair of gloves (worn)
Jewellery
 n - an amulet of reflection (around neck)
 v - an amulet of guardian spirit
 A - a +6 ring of intelligence
 B - a +5 ring of evasion (left hand)
 I - a ring of positive energy
 W - a ring of wizardry (right hand)
Wands
 d - a wand of flame (26)
 e - a wand of polymorph (4)
 y - a wand of roots (19)
 T - a wand of paralysis (21)
 U - a wand of quicksilver (8)
Scrolls
 c - 2 scrolls of amnesia
 f - 3 scrolls of teleportation {@r1}
 i - a scroll of brand weapon
 p - a scroll of vulnerability {unknown}
 q - 4 scrolls of immolation
 s - 3 scrolls of fear
 w - a scroll of enchant weapon
 z - a scroll of identify
 R - 4 scrolls of revelation
 S - 2 scrolls of butterflies
 Z - a scroll of acquirement {unknown}
Potions
 g - 4 potions of resistance
 h - 3 potions of curing {@q1}
 m - a potion of ambrosia
 o - 4 potions of invisibility
 r - 4 potions of mutation {!q}
 x - a potion of attraction {unknown}
 C - 3 potions of degeneration {unknown}
 D - 2 potions of cancellation
 E - 2 potions of enlightenment {unknown}
 F - 3 potions of lignification
 H - a potion of brilliance {unknown}
 J - 2 potions of might
 Q - a potion of haste {unknown}


   Skills:
 + Level 8.1 Fighting
 + Level 8.0 Maces & Flails
 + Level 9.2 Armour
 + Level 8.4 Dodging
 - Level 1.7 Stealth
 - Level 5.0 Spellcasting
 - Level 2.0 Hexes
 + Level 13.1 Necromancy


You had one spell level left.
You knew the following spells:

 Your Spells              Type           Power      Damage    Failure   Level
n - Animate Dead          Necr           70%        N/A       1%          4
v - Vampiric Draining     Necr           70%        2d11      1%          3
w - Curse of Agony        Necr           70%        N/A       4%          5
W - Anguish               Hex/Necr       25%        N/A       14%         4
X - Fugue of the Fallen   Necr           70%        N/A       1%          3
Y - Sublimation of Blood  Necr           70%        N/A       1%          2

Your spell library contained the following spells:

 Spells                   Type           Power      Damage    Failure   Level
 Necrotise                Necr           100%       1d9       1%          1
 Ensorcelled Hibernation  Hex/Ice        26%        N/A       28%         2
 Borgnjor's Vile Clutch   Necr/Erth      22%        N/A       47%         5
 Frozen Ramparts          Ice            14%        1d3       63%         3
 Summon Ice Beast         Ice/Summ       7%         N/A       63%         3
 Leda's Liquefaction      Alch/Erth      3%         N/A       95%         4
 Manifold Assault         Tloc           7%         N/A       95%         4
 Petrify                  Alch/Erth      7%         N/A       95%         4
 Metabolic Englaciation   Hex/Ice        6%         N/A       99%         5
 Summon Mana Viper        Hex/Summ       13%        N/A       99%         5
 Alistair's Intoxication  Alch           4%         N/A       100%        5
 Irradiate                Conj/Alch      3%         3d12      100%        5
 Lee's Rapid Deconstruct  Erth           3%         3d5*      100%        5
 Bombard                  Conj/Erth      3%         9d1       100%        6
 Dispersal                Tloc           3%         N/A       100%        6
 Eringya's Noxious Bog    Alch           3%         4d6       100%        6
 Monstrous Menagerie      Summ           3%         N/A       100%        7
 Disjunction              Tloc           3%         N/A       100%        8


Dungeon Overview and Level Annotations

Branches:
Dungeon (12/15)            Temple (0/1) D:4            Lair (4/5) D:10
 Shoals (0/4) Lair:3       Spider (0/4) Lair:3          Orc (1/2) D:12
  Slime: Lair:4-5

Shops:
D:1 =   D:3 (

Annotations:
D:6 1 runed translucent door, gadagroo's ghost, novice MiBe
D:7 Joseph
Lair:1 exclusion: oklob plant
Lair:3 exclusion: oklob plant


Innate Abilities, Weirdness & Mutations

You have an increased reservoir of magic. (+10% MP)
You shall have no god before yourself.
Your divine heritage dramatically boosts your attributes as you level up.


Message History

Your orc warrior zombie hits the sun demon but does no damage.
You barely miss the sun demon.
The sun demon is lightly wounded.
The wailing of tortured souls fills the air!
The sun demon hits you but does no damage.
You sock the sun demon!
The sun demon is moderately wounded.
You hit the soul eater but do no damage.
Your orc warrior zombie hits the soul eater!
You hit the soul eater.
The soul eater is moderately wounded.
The soul eater disappears in a puff of smoke!
The orc high priest prays to Beogh.
You puncture the sun demon!
The sun demon is heavily wounded.
Your orc warrior zombie misses the sun demon.
The sun demon hits you.
You are engulfed in flames!
* * * LOW HITPOINT WARNING * * *
You are too injured to fight recklessly!
The sun demon attacks as it pursues you!
The sun demon misses you.
Your orc warrior zombie barely misses the sun demon.
You hit the sun demon.
The sun demon is heavily wounded.
You block the sun demon's attack.
Your orc warrior zombie misses the sun demon.
You completely miss the sun demon.
The sun demon is heavily wounded.
The wailing of tortured souls fills the air!
Your reaping aura is weakening.
The sun demon hits you!
* * * LOW HITPOINT WARNING * * *
You are engulfed in flames!!
* * * LOW HITPOINT WARNING * * *
The orc high priest hits your orc warrior zombie with a +0 scimitar!
The sun demon attacks as it pursues you!
The sun demon hits you!
* * * LOW HITPOINT WARNING * * *
You are engulfed in flames!
You die...

░░░.░.....░░.░░........░░
░░..░.........░░░..^....░.
░░.............░░..........
░........░░.........░░.....
░.......░.░░........░░.....
░░.....░.............░.....
░░.......░..................
░...........................
░░..░.░........░░.░░........
░░░░░........░░░░.░░......░
░░░...p░░░ ░░....░.░░ ░░.3.░
..░░░░░ ░..░░ ░. ░_.$oToZ.░
░░ ░.8$8o░░░░ ░░ ░░.4o░ ..
░░░░ ░.. ░.. ░░. ░░


You could see an orc high priest, a sun demon (summoned, ally target), a troll,
a chaos spawn (summoned), an orc warrior (very poisoned), an orc (anguished) and
a friendly orc warrior zombie.

Vanquished Creatures
  A hydra (Lair:4)
  Harold (D:10)
  A boulder beetle (D:11)
  2 two-headed ogres (D:11)
  7 death yaks
  2 harpies (Lair:3)
  A cyclops (D:12)
  An ugly thing (D:10)
  A manticore (D:8)
  A black mamba (Lair:3)
  2 kobold blastminers (Orc:1)
  A torpor snail (Lair:1)
  6 cane toads
  A gargoyle (D:12)
  An unseen horror (D:12)
  A rime drake (Lair:1)
  A kobold demonologist (D:10)
  3 komodo dragons
  A freezing wraith (D:12)
  2 trolls
  A polar bear (Lair:2)
  2 hornets
  2 jumping spiders (Lair:3)
  3 slime creatures (D:12)
  Sigmund (D:5)
  A shadow (D:9)
  A wraith (D:11)
  2 vampires
  57 yaks
  6 wyverns
  2 basilisks
  A warg (Orc:1)
  Grum (D:8)
  A redback (Lair:3)
  3 water moccasins
  4 orc warriors
  3 black bears
  A sky beast (D:4)
  5 centaurs
  7 wolves
  An ogre (D:5)
  A kobold brigand (D:6)
  A phantom (D:6)
  10 bullfrogs
  A gnoll sergeant (D:7)
  3 scorpions
  4 wights
  10 killer bees
  5 electric eels (D:11)
  4 howler monkeys
  4 bombardier beetles
  4 jellies
  A human zombie (D:4)
  2 gnoll boudas
  8 orc priests
  A centaur skeleton (D:4)
  2 hounds (D:5)
  5 sleepcaps
  Terence (D:3)
  4 iguanas
  7 orc wizards
  Robin (D:3)
  12 gnolls
  5 adders
  2 shadow imps
  3 white imps
  2 ribbon worms
  31 orcs
  6 ball pythons
  4 endoplasms
  2 giant cockroaches
  23 goblins
  10 hobgoblins
  6 jackals
  2 quokkas
  3 bats
  2 frilled lizards
  9 kobolds
  4 rats
347 creatures vanquished.

Vanquished Creatures (collateral kills)
  An ugly thing (D:12)
  A cyclops (D:12)
  An elephant (Lair:4)
  A komodo dragon (Lair:4)
  A wraith (D:11)
  10 yaks
  A water elemental (D:11)
  3 water moccasins
  3 wolves
  2 howler monkeys
  An orc (D:12)
  A frilled lizard (D:2)
  2 rats
28 creatures vanquished.

Vanquished Creatures (others)
  A manticore (D:12)
  A death yak zombie (Lair:1)
  2 water moccasin zombies (Lair:2)
  29 yak zombies
  2 orc zombies (D:12)
35 creatures vanquished.

Grand Total: 410 creatures vanquished

Notes
Turn   | Place    | Note
-------+----------+-------------------------------------------
     0 | D:1      | utis the Demigod Necromancer began the quest for the Orb.
     0 | D:1      | Reached XP level 1. HP: 14/14 MP: 5/5
     3 | D:1      | Noticed an electric eel
     4 | D:1      | Noticed an electric eel
   397 | D:1      | Reached skill level 4 in Necromancy
   517 | D:1      | Reached XP level 2. HP: 20/20 MP: 5/7
   815 | D:1      | Found Kopp's Jewellery Boutique.
  1612 | D:2      | Reached XP level 3. HP: 26/26 MP: 3/8
  1667 | D:2      | Learned a level 3 spell: Vampiric Draining
  2362 | D:2      | Reached skill level 5 in Necromancy
  2790 | D:3      | Noticed Terence
  2806 | D:3      | Killed Terence
  2807 | D:3      | Reached XP level 4. HP: 25/33 MP: 1/9
  2922 | D:3      | Found Qalecukh's Antique Weapon Boutique.
  3010 | D:3      | Noticed Robin
  3298 | D:3      | Killed Robin
  3954 | D:3      | You fall into a shaft and drop 1 floor!
  4467 | D:4      | Reached skill level 6 in Necromancy
  4467 | D:4      | Reached XP level 5. HP: 35/38 MP: 10/10
  4907 | D:4      | Noticed a sky beast
  4918 | D:4      | Killed a sky beast
  4987 | D:4      | Found a staircase to the Ecumenical Temple.
  5201 | D:5      | Entered Level 5 of the Dungeon
  5246 | D:5      | Reached skill level 7 in Necromancy
  5246 | D:5      | Reached XP level 6. HP: 45/45 MP: 9/11
  5251 | D:5      | Learned a level 4 spell: Animate Dead
  5267 | D:5      | Noticed Sigmund
  5444 | D:5      | Killed Sigmund
  5445 | D:5      | Reached skill level 1 in Fighting
  5445 | D:5      | Reached skill level 1 in Armour
  5960 | D:4      | Reached XP level 7. HP: 47/55 MP: 12/12
  7046 | D:5      | Reached XP level 8. HP: 35/63 MP: 8/13
  7475 | D:6      | Reached skill level 8 in Necromancy
  8016 | D:6      | Found a runed translucent door.
  8020 | D:6      | Noticed gadagroo's ghost (novice MiBe)
  9224 | D:7      | Noticed Joseph
  9530 | D:7      | Reached XP level 9. HP: 68/72 MP: 8/14
 10711 | D:8      | Reached skill level 9 in Necromancy
 10717 | D:8      | Learned a level 5 spell: Curse of Agony
 10792 | D:8      | Reached skill level 5 in Dodging
 10875 | D:8      | Reached skill level 5 in Fighting
 10878 | D:8      | Reached skill level 5 in Armour
 11176 | D:8      | Noticed Grum
 11213 | D:8      | HP: 1/74 [Grum/+1 spear (11)]
 11227 | D:8      | Killed Grum
 11228 | D:8      | Reached skill level 10 in Necromancy
 12023 | D:8      | Noticed a manticore
 12030 | D:8      | Killed a manticore
 12031 | D:8      | Reached XP level 10. HP: 31/81 MP: 1/17
 12808 | D:9      | Identified the +2 flail of Action {protect, *Slow rC+ rN+}
 14365 | D:9      | Learned a level 2 spell: Sublimation of Blood
 14380 | D:10     | Entered Level 10 of the Dungeon
 14671 | D:3      | Bought a runed dire flail for 182 gold pieces
 14836 | D:10     | Noticed Harold
 15772 | D:10     | Found a staircase to the Lair.
 15796 | D:10     | Noticed a brown ugly thing
 15802 | D:10     | HP: 1/82 [acid (11)]
 16076 | D:10     | Killed a brown ugly thing
 16187 | D:10     | Reached skill level 5 in Maces & Flails
 16432 | D:10     | Killed Harold
 16433 | D:10     | Reached XP level 11. HP: 48/89 MP: 4/18
 17034 | D:11     | Noticed a two-headed ogre
 17458 | D:11     | Reached skill level 11 in Necromancy
 17795 | D:11     | Killed a two-headed ogre
 17810 | D:11     | Noticed a two-headed ogre
 17821 | D:11     | Killed a two-headed ogre
 17919 | D:11     | Noticed a boulder beetle
 17935 | D:11     | Killed a boulder beetle
 18812 | Lair:1   | Entered Level 1 of the Lair of Beasts
 19159 | Lair:1   | Identified the +0 scale mail "Koetwoid" {rElec rF+ Dex+3}
 19229 | Lair:1   | Noticed a death yak
 19556 | Lair:1   | Noticed Sonja
 19581 | Lair:1   | Sonja changed into Sonja the hornet
 19581 | Lair:1   | Noticed Sonja
 19584 | Lair:1   | Killed Sonja the hornet
 20389 | Lair:1   | Learned a level 3 spell: Fugue of the Fallen
 20594 | Lair:1   | Killed a death yak
 21407 | Lair:2   | Noticed a death yak
 21407 | Lair:2   | Noticed a death yak
 21407 | Lair:2   | Noticed a death yak
 21407 | Lair:2   | Noticed a death yak
 21408 | Lair:2   | Noticed a death yak
 21418 | Lair:1   | Killed a death yak
 21668 | Lair:2   | Noticed Maggie
 21711 | Lair:2   | Maggie changed into Maggie the jelly
 21711 | Lair:2   | Noticed Maggie
 21720 | Lair:2   | Killed Maggie the jelly
 21842 | Lair:1   | Killed a death yak
 22032 | Lair:2   | Reached XP level 12. HP: 88/100 MP: 15/20
 24721 | Lair:3   | Reached skill level 12 in Necromancy
 24991 | Lair:3   | Found a hole to the Spider Nest.
 25456 | Lair:3   | Found a staircase to the Shoals.
 27244 | Lair:4   | Noticed a six-headed hydra
 27452 | Lair:4   | Killed a six-headed hydra
 27888 | Lair:4   | Reached skill level 5 in Spellcasting
 27904 | Lair:4   | Learned a level 4 spell: Anguish
 28581 | D:12     | Reached skill level 1 in Hexes
 29016 | D:12     | Reached XP level 13. HP: 89/107 MP: 22/24
 29114 | D:12     | Reached skill level 13 in Necromancy
 30232 | D:12     | Found a staircase to the Orcish Mines.
 30507 | Orc:1    | Entered Level 1 of the Orcish Mines
 30780 | Orc:1    | Mangled by a sun demon

Illustrated notes

Levels and vault maps discovered:
D:1:      arrival_aquarium_b, layout_basic, serial_shops,
          nicolae_shop_gaudy_bauble, serial_bayou_crossing
D:2:      minmay_alternating_diamond, layout_basic, chequers_big_river
D:3:      layout_basic, hellmonk_overflow_destroyed_library, serial_shops, shop,
          uniq_terence, uniq_robin
D:4:      layout_loops_ring, lemuel_mausoleum_altar_kikubaaqudgha, temple_hall
D:5:      layout_cave_pools, nicolae_overflow_hidden_temple, uniq_sigmund
D:6:      layout_basic, lemuel_coloured_pillars_altar,
          mainiacjoe_overflow_surrounded_room, ebering_ghost_sewer_d,
          st_stairs_5
D:7:      layout_basic, uniq_joseph
D:8:      layout_basic, overflow_temple_1_default,
          mainiacjoe_overflow_catwalk_spiral, uniq_grum
D:9:      layout_basic
D:10:     layout_rooms, amcnicky_altar_gilded, lair_entry_dummy, enter_bailey_3,
          uniq_harold
D:11:     layout_irregular_city, serial_bayou, serial_bayou_shore_a,
          serial_bayou_lagoon_a, serial_bayou_ford_a, serial_bayou_pond_c,
          portal_ice_cave_entry_pillars_2
D:12:     layout_irregular_city, minmay_orc_entry_temple_small,
          gauntlet_entry_generic, grunt_ministairs_5
Lair:1:   layout_chaotic_city, lemuel_oklob_altar, uniq_sonja
Lair:2:   layout_cave_pods, minivault_23, beast_lair_carwin_3,
          lemuel_fruit_tree, uniq_maggie
Lair:3:   layout_hall_layers, nicolae_shoals_entry_roost, spider_nest_entry_a,
          st_stairs_8
Lair:4:   layout_regular_city, beast_lair_carwin_8
Orc:1:    layout_diamond_mine, kennysheep_orc_chapel

Skill      XL: |  1  2  3  4  5  6  7  8  9 10 11 12 13 |
---------------+----------------------------------------+-----
Necromancy     | 4 5 6 7 8 10 11 12 13 | 13.1
Fighting       | 2 3 4 5 6 7 8 |  8.1
Armour         | 1 3 4 5 6 7 9 |  9.2
Dodging        | 2 3 4 5 6 7 8 |  8.4
Spellcasting   | 2 3 5 |  5.0
Maces & Flails | 5 7 8 |  8.0
Hexes          | 2 |  2.0
Stealth        | |  1.7

Action                     |  1- 3 |  4- 6 |  7- 9 | 10-12 | 13-15 || total
---------------------------+-------+-------+-------+-------+-------++-------
  Melee: Unarmed           |       |    49 |       |       |       ||    49
         Rapier            |       |    46 |    21 |    19 |       ||    86
         Dagger            |       |    48 |   453 |   123 |       ||   624
         Punch             |       |       |     6 |     2 |       ||     8
         Dire flail        |       |       |       |   571 |   175 ||   746
         Whip              |       |       |       |    23 |       ||    23
  Throw: Dart              |       |       |       |     8 |       ||     8
         Javelin           |       |       |       |     5 |       ||     5
         Stone             |       |       |       |     1 |       ||     1
   Cast: Necrotise         |    71 |    49 |    71 |       |       ||   191
         Vampiric Draining |       |     7 |    24 |    72 |       ||   103
         Animate Dead      |       |       |     2 |    17 |     3 ||    22
         Curse of Agony    |       |       |       |    73 |    10 ||    83
         Fugue of the Fall |       |       |       |     8 |     1 ||     9
         Anguish           |       |       |       |     2 |     1 ||     3
  Evoke: Wand              |       |       |     5 |    25 |     3 ||    33
    Use: Scroll            |       |     3 |    14 |    11 |       ||    28
         Potion            |       |     1 |     4 |     6 |       ||    11
   Stab: Distracted        |       |       |       |     3 |       ||     3
 Armour: Robe              |     9 |    35 |       |       |       ||    44
         Ring mail         |       |   100 |   264 |       |       ||   364
         Scale mail        |       |       |   128 |   467 |       ||   595
         Chain mail        |       |       |       |   262 |   134 ||   396
  Dodge: Dodged            |    13 |   121 |   260 |   482 |    74 ||   950
  Block: Other             |       |       |   100 |   197 |    33 ||   330
         Reflection        |       |       |     3 |     2 |     3 ||     8
